 Dungeon Crawl Stone Soup version 0.23.2-1-ga50397a6bc (webtiles) character file.

Game seed: 3937101564990360708

56 OneEyedShark the Ruffian (level 3, 0/29 HPs)
             Began as a Draconian Transmuter on May 28, 2019.
             Succumbed to an adder's poison
             ... on level 2 of the Dungeon.
             The game lasted 00:04:19 (1465 turns).

OneEyedShark the Ruffian (Draconian Transmuter)     Turns: 1465, Time: 00:04:20

Health: 0/29       AC:  6    Str: 13    XL:     3   Next: 69%
Magic:  6/6        EV: 12    Int: 13    God:
Gold:   85         SH:  0    Dex: 11    Spells: 3/6 levels left

rFire    . . .     SeeInvis .     - Unarmed
rCold    . . .     Gourm    .   (no shield)
rNeg     . . .     Faith    .   (armour unavailable)
rPois    .         Spirit   .   (helmet restricted)
rElec    .         Reflect  .   (no cloak)
rCorr    .         Harm     .   (no gloves)
MR       .....                  i - +0 pair of boots
Stlth    +.........             (no amulet)
HPRegen  0.09/turn              (no ring)
MPRegen  0.10/turn              (no ring)

@: lethally poisoned (0 -> -7), appendage (expiring)
A: unfitting armour, horns 2, cold-blooded, AC +5
a: End Transformation


You were on level 2 of the Dungeon.
You were not hungry.
You had grown temporary horns.
You visited 1 branch of the dungeon, and saw 2 of its levels.

You collected 85 gold pieces.

Inventory:

Missiles
 a - 30 arrows
Armour
 i - a +0 pair of boots (worn)
Jewellery
 g - an uncursed ring of ice {unknown}
Scrolls
 d - a scroll of teleportation {unknown}
 f - 2 scrolls of remove curse {unknown}
 j - a scroll of identify {unknown}
Potions
 e - a potion of brilliance {unknown}
 h - a potion of mutation {unknown}
Comestibles
 b - 4 chunks of flesh
 c - a ration


   Skills:
 + Level 2.0 Fighting
 + Level 2.2 Dodging
 + Level 3.4 Unarmed Combat
 + Level 2.4 Spellcasting
 + Level 2.5 Transmutations


You had 3 spell levels left.
You knew the following spells:

 Your Spells              Type           Power        Failure   Level  Hunger
a - Beastly Appendage     Tmut           #.....       9%          1    #......
b - Sticks to Snakes      Tmut           #.......     13%         2    ###....

Your spell library contained the following spells:

 Spells                   Type           Power        Failure   Level  Hunger
 Spider Form              Tmut/Pois      #.........   41%         3    ###....
 Ice Form                 Ice/Tmut       #.......     82%         4    #####..
 Blade Hands              Tmut           #.........   93%         5    ######.


Dungeon Overview and Level Annotations

Branches:
Dungeon (2/15)

Altars:


Innate Abilities, Weirdness & Mutations

Your plain brown scales are hard. (AC +5)
You cannot fit into any form of body armour.
You are cold-blooded and may be slowed by cold attacks.
You have a pair of horns on your head.


Message History

You closely miss the adder.
The adder is heavily wounded.
* * * LOW HITPOINT WARNING * * *
You feel sick. The adder bites you but does no damage.
You hit the adder but do no damage.
The adder is heavily wounded.
The adder bites you but does no damage.
You miss the adder. You headbutt the adder.
The adder is heavily wounded.
Your transformation is almost over.
The adder bites you but does no damage.
You barely miss the adder.
The adder is heavily wounded.
The adder bites you.
* * * LOW HITPOINT WARNING * * *
You are more poisoned.
The adder poisons you!
You hit the adder but do no damage.
The adder is heavily wounded.
You die...

##.....##..................
#..###.....................
..# ###...........##.#####
#. #...............# ..
..................### #
....................
######..........#.##
#.....)......#
#.!....)@..###
#........S......
.................
..................
#.................
....##.#......... ...
..#......... .#.#.........


You could see an adder.

Vanquished Creatures
  2 adders
  A worm (D:2)
  2 dart slugs (D:1)
  3 bats (D:1)
  A giant cockroach (D:1)
  4 hobgoblins
  4 kobolds
  7 goblins
  6 rats
30 creatures vanquished.

Notes
Turn   | Place    | Note
-------+----------+-------------------------------------------
     0 | D:1      | OneEyedShark the Draconian Transmuter began the quest for
                  | the Orb.
     0 | D:1      | Reached XP level 1. HP: 16/16 MP: 3/3
   591 | D:1      | Reached XP level 2. HP: 23/23 MP: 3/5
  1044 | D:1      | Reached XP level 3. HP: 28/28 MP: 3/6
  1208 | D:2      | Learned a level 2 spell: Sticks to Snakes
  1464 | D:2      | HP: 1/29 [adder (2)]
  1465 | D:2      | Succumbed to an adder's poison

Skill      XL: |  1  2  3 |
---------------+----------+-----
Dodging        | 2 |  2.2
Fighting       | 2 |  2.0
Unarmed Combat | |  3.4
Spellcasting   | |  2.4
Transmutations | |  2.5

Action                   || total
-------------------------++-------
Melee: Unarmed           ||   125
       Tailslap          ||     9
       Kick              ||     5
       Headbutt          ||     6
 Cast: Beastly Appendage ||    26
 Stab: Sleeping          ||     1
  Eat: Chunk             ||     2
Armor: Skin              ||    24
Dodge: Dodged            ||    73
